 Dungeon Crawl Stone Soup version 0.17-a0-1663-gb806841 (console) character file.

21529 Monkaria the Grappler (level 12, -5/165 HPs)
             Began as a Minotaur Monk on Aug 13, 2015.
             Was an Elder of Zin.
             Slain by a minotaur
             ... wielding a +0 great sword
              (27 damage)
             ... in a labyrinth on Aug 16, 2015.
             The game lasted 00:36:14 (16979 turns).

Monkaria the Grappler (Minotaur Monk)              Turns: 16979, Time: 00:36:14

Health: -5/165     AC: 18    Str: 25    XL:     12   Next: 55%
Magic:  18/18      EV: 17    Int: 11    God:    Zin [****..]
Gold:   740        SH:  0    Dex: 19    Spells: 0 memorised, 11 levels left

rFire  + . .     SeeInvis .       - Unarmed
rCold  . . .     Clarity  .     h - +5 ring mail of Zin's Hope {rN+ Int+4 Stlth+}
rNeg   + . .     SustAt   .     (no shield)
rPois  .         Gourm    .     (helmet restricted)
rElec  .         Spirit   .     F - +0 cloak
rCorr  .         Warding  .     (no gloves)
rMut   .         Stasis   .     D - +0 pair of boots
MR     .....                    (no amulet)
Stlth  ..........               K - +5 ring of dexterity
                                d - ring of protection from fire

@: berserking, stone skin, very slightly contaminated, hasted, very quick, not
resistant to hostile enchantments, extremely unstealthy
A: retaliatory headbutt, horns 2
a: Recite, Vitalisation, Imprison, Renounce Religion


You were in a labyrinth.
You worshipped Zin.
Zin was greatly pleased with you.
You were not hungry.

You visited 3 branches of the dungeon, and saw 16 of its levels.
You also visited: Labyrinth and Sewer.

You collected 853 gold pieces.
You donated 85 gold pieces to Zin.

Inventory:

Hand weapons
 o - a +1 falchion of protection
Armour
 h - the +5 ring mail of Zin's Hope (worn) {rN+ Int+4 Stlth+}
   (You found it on level 1 of the Lair of Beasts)

   It affects your intelligence (+4).
   It protects you from negative energy.
   It makes you more stealthy.
 D - a +0 pair of boots (worn)
 F - a +0 cloak (worn)
Rods
 l - a +0 iron rod (12/12)
   (You found it on level 2 of the Dungeon)
Jewellery
 d - a ring of protection from fire (left hand)
 I - an uncursed ring of see invisible
 K - a +5 ring of dexterity (right hand)
 Y - an uncursed ring of poison resistance
Magical devices
 n - a wand of confusion (20)
 q - a wand of fire (0)
 y - a wand of fireball (8)
 J - a wand of cold (9)
 L - a wand of teleportation (3)
 O - a wand of magic darts (19)
Scrolls
 a - a scroll of recharging
 c - 4 scrolls of fog
 e - 2 scrolls of teleportation
 f - 5 scrolls of blinking
 i - a scroll of identify
 m - 4 scrolls of remove curse
 p - 7 scrolls of fear
 B - a scroll of immolation {unknown}
 C - a scroll of brand weapon {unknown}
 H - a scroll of summoning {unknown}
 T - 2 scrolls of noise {unknown}
Potions
 g - 2 potions of cancellation
 t - 3 potions of berserk rage
 A - a potion of resistance {unknown}
 N - a potion of flight
 P - a potion of agility {unknown}
 Q - a potion of might {unknown}
 R - a potion of invisibility {unknown}
 X - a potion of curing
Comestibles
 b - 8 bread rations
 W - 28 fruits


   Skills:
 - Level 11.2 Fighting
 - Level 12.0 Armour
 - Level 8.2 Dodging
 - Level 1.5 Stealth
 - Level 12.0 Unarmed Combat
 - Level 10.1 Invocations
 + Level 5.1 Evocations


You had 11 spell levels left.
You didn't know any spells.

Dungeon Overview and Level Annotations

Branches:
Dungeon (9/15)             Temple (1/1) D:7            Lair (6/8) D:9
  Swamp (0/4) Lair:5       Spider (0/4) Lair:5
  Slime: Lair:6-8       Orc: D:9-12

Altars:
Ashenzari
Cheibriados
Dithmenos
Elyvilon
Fedhas
Gozag
Kikubaaqudgha
Makhleb
Nemelex Xobeh
Okawaru
Qazlal
Ru
Sif Muna
Trog
Vehumet
Xom
Yredelemnul
Zin
The Shining One

Shops:
D:4 (   D:6 [   D:7 :


Innate Abilities, Weirdness & Mutations

You reflexively headbutt those who attack you in melee.
You have a pair of horns on your head.


Message History

The minotaur is lightly wounded.
The minotaur hits you but does no damage.
The minotaur closely misses you.
You hit the minotaur.
The minotaur is lightly wounded.
You pummel the minotaur!!
The minotaur is heavily wounded.
You hit the minotaur but do no damage. Your headbutt misses the minotaur.
The minotaur is heavily wounded.
The minotaur hits you with a great sword!
* * * LOW HITPOINT WARNING * * *
The minotaur gores you!
* * * LOW HITPOINT WARNING * * *
You hit the minotaur.
The minotaur is heavily wounded.
You pummel the minotaur!!
You headbutt the minotaur, but do no damage.
The minotaur is almost dead.
The minotaur hits you with a great sword!!
You die...

#.. ..# # .# ##
#.# # ####.# # #
#.# ....#.. # .
# # .#.# ###.#.#
.# .# #. #..
#... .. . . .
.....###.## .#.
# #
########.....#
#.#.
8)8[8.8#..(###.#
. #
<.....H@(.(#. ..
. .#
8:8}8.8#.###. ##
# # ########...
. #. . . .
..###. ## .
#.#.. #.### ##
.# . # ### . # #
# .# .


You could see a minotaur.

Vanquished Creatures
  2 hydras
  Urug (Lair:3)
  An oklob plant (Lair:3)
  8 spiny frogs
  4 elephants
  5 black mambas
  2 komodo dragons
  A troll (D:9)
  2 fire drakes
  14 blink frogs
  A redback (Lair:5)
  A deep elf mage (D:7)
  3 yaks (Lair:4)
  4 trapdoor spiders (Lab)
  2 basilisks
  A hungry ghost (D:9)
  6 hippogriffs
  A steam dragon (D:8)
  3 wolves (Lair:5)
  8 water moccasins
  2 ice beasts (D:9)
  2 phantoms
  3 orc warriors
  9 porcupines
  4 black bears
  11 crocodiles
  4 ogres
  7 giant frogs
  A gnoll sergeant (D:4)
  7 scorpions
  6 killer bees
  3 wights (D:9)
  A giant frog zombie (D:6)
  3 jellies
  2 crimson imps
  3 orc priests
  6 orc wizards
  2 giant frog skeletons
  2 gnoll shamans
  3 worker ants
  2 hounds
  9 iguanas
  7 sheep (Lair:1)
  2 hound skeletons
  A worker ant zombie (D:5)
  25 gnolls
  7 adders
  32 river rats
  A shadow imp (D:6)
  An adder zombie (D:7)
  An ooze (D:5)
  3 worms
  4 adder skeletons
  5 giant geckos
  20 orcs
  5 giant cockroaches
  A hobgoblin (D:3)
  7 jackals
  8 quokkas
  A ball python (D:6)
  8 bats
  5 giant newts
  8 goblins
  8 kobolds
  6 rats
328 creatures vanquished.

Vanquished Creatures (others)
  3 fungi
3 creatures vanquished.

Grand Total: 331 creatures vanquished

Notes
Turn   | Place    | Note
--------------------------------------------------------------
     0 | D:1      | Monkaria the Minotaur Monk began the quest for the Orb.
     0 | D:1      | Reached XP level 1. HP: 19/19 MP: 0/0
     0 | D:1      | Upgraded the game from 0.17-a0-1651-gae1a69f to 0.17-a0-1663-gb806841
   216 | D:1      | Reached XP level 2. HP: 25/27 MP: 1/1
   389 | D:1      | Got a twisted ring mail
   897 | D:2      | Reached skill level 5 in Fighting
   897 | D:2      | Reached XP level 3. HP: 33/36 MP: 2/2
  1333 | D:3      | Reached skill level 5 in Unarmed Combat
  1333 | D:3      | Reached XP level 4. HP: 38/42 MP: 3/3
  2071 | D:3      | Reached skill level 6 in Unarmed Combat
  2087 | D:3      | Reached XP level 5. HP: 27/48 MP: 4/4
  2578 | D:4      | Reached skill level 7 in Fighting
  2578 | D:4      | Reached skill level 8 in Armour
  2578 | D:4      | Reached skill level 10 in Unarmed Combat
  2578 | D:4      | Reached XP level 6. HP: 55/61 MP: 5/5
  2634 | D:4      | Found Zarrenekub's Antique Weapon Boutique.
  2642 | D:4      | Noticed a phantom
  2679 | D:4      | Killed a phantom
  2679 | D:4      | Reached XP level 7. HP: 25/67 MP: 6/6
  2736 | D:5      | Entered Level 5 of the Dungeon
  3066 | D:5      | Identified the +1 ring mail of Illecomp {Int+4} (You found it on level 1 of the Dungeon)
  3189 | D:4      | Got a jewelled ring mail
  3200 | D:4      | Identified the +1 ring mail "Vonar" {*Confuse +Fly rF++ Int+3} (You took it off a gnoll on level 4 of the Dungeon)
  3260 | D:4      | Found a burning altar of Makhleb.
  3499 | D:4      | Found a glowing silver altar of Zin.
  3509 | D:4      | Became a worshipper of Zin the Law-Giver
  3509 | D:4      | Acquired Zin's first power
  3509 | D:4      | Acquired Zin's second power
  4034 | D:4      | Reached skill level 11 in Unarmed Combat
  4381 | D:5      | Found a shattered altar of Ashenzari.
  4502 | D:5      | Reached XP level 8. HP: 56/74 MP: 7/7
  4601 | D:5      | Acquired Zin's third power
  4914 | D:6      | Got a faintly glowing war axe
  4972 | D:6      | Got a dazzling ring mail
  5061 | D:6      | Found Resaunne's Armour Boutique.
  5259 | D:6      | Found a glowing drain.
  5268 | Sewer    | Entered a sewer
  5279 | Sewer    | Identified the +4 ring mail of Reason {MP+9} (You found it on level 6 of the Dungeon)
  5451 | D:6      | Found a sparkling altar of Nemelex Xobeh.
  5630 | D:6      | Identified the +5 war axe of Tenacity {holy, rC- rN+ SInv} (You found it on level 6 of the Dungeon)
  5656 | D:6      | Paralysed by a gnoll for 5 turns
  5678 | D:6      | Found a shimmering altar of Xom.
  5980 | D:7      | Found an ancient bone altar of Kikubaaqudgha.
  6014 | D:7      | Found a staircase to the Ecumenical Temple.
  6059 | D:7      | Found Hegaudabeu's Book Boutique.
  6172 | D:7      | Reached XP level 9. HP: 24/81 MP: 8/8
  6461 | D:7      | Reached skill level 1 in Invocations
  6640 | Temple   | Entered the Ecumenical Temple
  6965 | D:8      | Found a basalt altar of Yredelemnul.
  7009 | D:8      | Acquired Zin's fourth power
  7041 | D:8      | Found an opulent altar of Gozag.
  7309 | D:8      | Found a glowing golden altar of the Shining One.
  7315 | D:8      | Found a shimmering altar of Xom.
  7315 | D:8      | Found a stormy altar of Qazlal.
  7515 | D:9      | Found a white marble altar of Elyvilon.
  7827 | D:9      | Found a staircase to the Lair.
  7830 | D:9      | Noticed a fire drake
  7844 | D:9      | Killed a fire drake
  7844 | D:9      | Reached skill level 5 in Invocations
  8096 | D:9      | Found a blossoming altar of Fedhas.
  8108 | D:9      | Reached XP level 10. HP: 88/88 MP: 13/13
  8566 | Lair:1   | Entered Level 1 of the Lair of Beasts
  8748 | Lair:1   | Got a smoking ring mail
  8786 | Lair:1   | Identified the +5 ring mail of Zin's Hope {rN+ Int+4 Stlth+} (You found it on level 1 of the Lair of Beasts)
  9477 | Lair:2   | Noticed a seven-headed hydra
  9486 | Lair:2   | Killed a seven-headed hydra
  9945 | Lair:2   | Reached skill level 10 in Invocations
 10603 | Lair:3   | Reached XP level 11. HP: 76/95 MP: 17/17
 10604 | Lair:3   | Noticed Urug
 10631 | Lair:3   | Noticed an elephant
 10633 | Lair:3   | HP: 3/95 [Urug/great sword (22)]
 10634 | Lair:3   | Noticed an elephant
 10637 | Lair:3   | Zin protects you from harm!
 10638 | Lair:3   | Noticed an elephant
 10732 | Lair:1   | HP: 4/95 [elephant (3)]
 11116 | Lair:1   | Killed an elephant
 11254 | Lair:3   | Found a shattered altar of Ashenzari.
 11413 | Lair:3   | Noticed an oklob plant
 11480 | Lair:3   | Noticed a black mamba
 11486 | Lair:3   | Killed a black mamba
 11687 | Lair:3   | Killed an elephant
 11751 | Lair:3   | Killed an elephant
 11751 | Lair:3   | Reached skill level 12 in Unarmed Combat
 11900 | Lair:3   | Killed Urug
 12135 | Lair:3   | Killed an oklob plant
 12588 | Lair:3   | Reached skill level 10 in Armour
 13526 | Lair:4   | Zin protects you from harm!
 13532 | Lair:4   | Reached XP level 12. HP: 7/104 MP: 18/18
 13544 | Lair:4   | HP: 1/104 [blink frog (11)]
 13940 | Lair:4   | Noticed a seven-headed hydra
 14335 | Lair:4   | Killed a seven-headed hydra
 14335 | Lair:4   | Reached skill level 10 in Fighting
 15223 | Lair:5   | Reached skill level 1 in Evocations
 15800 | Lair:5   | Found a staircase to the Swamp.
 15938 | Lair:5   | Found a hole to the Spider Nest.
 16464 | Lair:6   | Found a labyrinth entrance.
 16487 | Lab      | Entered a labyrinth
 16586 | Lab      | Reached skill level 5 in Evocations
 16954 | Lab      | Noticed a minotaur
 16979 | Lab      | Slain by a minotaur

Vault maps used:
D:1:      minmay_arrival_four_circles, minivault_5
D:3:      first_bread
D:4:      lemuel_crystal_altar, kennysheep_mini, nicolae_ossuary_entry_plus,
          serial_shops, shop
D:5:      cheibrodos_ashenzari_chains, serial_bayou_pond_d
D:6:      lemuel_crystal_altar, portal_sewer_entry_d, serial_shops, shop,
          tgw_xom
D:7:      lemuel_crystal_altar, minmay_temple_entry_mist, serial_shops,
          nicolae_shop_stone, hangedman_abyss_or_decor_stagger,
          lightli_corner_chamber
D:8:      minitemple, lemuel_crystal_altar, nicolae_overflow_crystal_walls
D:9:      minmay_distorted_concentric_squares, elyvilon_altar_3,
          minmay_lair_entry_lava, hangedman_tree_tricks
Temple:   jpeg_temple_alley_garden_8
Lair:2:   infiniplex_staircase_pool
Lair:3:   basic_altar, uniq_urug
Lair:4:   forest_paths
Lair:5:   swamp_mist_pool, spider_nest_entry_rubble, grunt_megastairs_5,
          serial_bayou_shore_a
Lair:6:   slime_altar_1, lab_entry_generic, grunt_forest_small_clearings,
          minmay_holes
Lab:      nicolae_lab_dead_adventurers, labyrinth_lava_lair, lab_fountain,
          nicolae_lab_statue, nicolae_lab_t_cross, nicolae_lab_big_swirl,
          labyrinth_skeletal_remains, lab_block
Sewer:    sewer_the_crocodile

Action                   |  1- 3 |  4- 6 |  7- 9 | 10-12 || total
-------------------------+-------+-------+-------+-------++-------
Melee: Unarmed           |    78 |   116 |   363 |   569 ||  1126
Invok: Recite            |       |       |     2 |     1 ||     3
       Vitalisation      |       |       |     1 |     4 ||     5
       Sanctuary         |       |       |       |     2 ||     2
Evoke: Rod               |     2 |     2 |     2 |     1 ||     7
       Wand              |       |       |     1 |     5 ||     6
       Deck              |       |       |       |     6 ||     6
  Use: Potion            |     2 |     4 |       |     8 ||    14
       Scroll            |       |     7 |     7 |     7 ||    21
 Stab: Sleeping          |     2 |     1 |       |    11 ||    14
       Distracted        |       |       |       |     1 ||     1
  Eat: Chunk             |       |     8 |    12 |    17 ||    37
       Meat ration       |       |       |     1 |     1 ||     2
       Beef jerky        |       |       |     1 |     2 ||     3
       Fruit             |       |       |       |     2 ||     2
       Bread ration      |       |       |       |     1 ||     1
